 Dungeon Crawl Stone Soup version 0.14-a0-1637-gd423c14 (webtiles) character file.

354 Piginabag the Insei (level 5, -4/37 HPs)
             Began as a Demonspawn Transmuter on Dec 27, 2013.
             Slain by an ogre
             ... wielding a +0,+0 giant club
              (20 damage)
             ... on Level 4 of the Dungeon.
             The game lasted 00:13:02 (3718 turns).

Piginabag the Insei (Demonspawn Transmuter)         Turns: 3718, Time: 00:13:04

HP  -4/37        AC  6     Str 11      XL: 5   Next: 45%
MP   9/9         EV 13     Int 14      God:
Gold 158         SH  0     Dex 14      Spells:  1 memorised,  8 levels left

rFire  . . .     SeeInvis .       - Unarmed
rCold  . . .     Clarity  .     c - +0 robe
rNeg   . . .     Conserve .     (no shield)
rPois  .         rCorr    .     (no helmet)
rElec  .         rRot     .     (no cloak)
SustAb . .       Spirit   .     (no gloves)
rMut   .         Warding  .     (no boots)
Saprov . . .     Stasis   .     (no amulet)
                                (no ring)
                                (no ring)

@: slightly resistant to hostile enchantments, stealthy
A: iridescent scales 1, nightstalker 1
a: no special abilities


You were on level 4 of the Dungeon.
You were not hungry.

You visited 1 branch of the dungeon, and saw 5 of its levels.

You collected 158 gold pieces.

Inventory:

Missiles
 b - 12 arrows
Armour
 c - a +0 robe (worn)
Comestibles
 a - 3 bread rations
 g - 3 pears
 h - 3 meat rations
 p - 2 chokos
 A - a chunk of worm flesh
Scrolls
 f - 2 scrolls of amnesia {unknown}
 j - a scroll of remove curse {unknown}
 k - 2 scrolls of random uselessness {unknown}
 l - a scroll of curse weapon {unknown}
 m - 2 scrolls of teleportation {unknown}
 n - 9 scrolls of identify
 o - a scroll of blinking {unknown}
 q - a scroll of curse jewellery {unknown}
 u - a scroll of noise {unknown}
 y - 2 scrolls of recharging {unknown}
 B - a scroll of magic mapping {unknown}
Jewellery
 e - an uncursed ring of sustenance {unknown}
 s - an uncursed amulet of resist corrosion {unknown}
 v - an uncursed amulet of the gourmand
 C - a +3 ring of evasion {unknown}
Potions
 i - a potion of degeneration {unknown}
 r - a potion of berserk rage {unknown}
 w - 2 potions of poison {unknown}
 x - a potion of curing {unknown}
 z - 2 potions of agility {unknown}
Books
 d - a book of Changes

   Spells                             Type                      Level
   *Beastly Appendage                 Transmutation                1
   Sticks to Snakes                   Transmutation                2
   Spider Form                        Transmutation/Poison         3
   Ice Form                           Ice/Transmutation            4
   Blade Hands                        Transmutation                5
 t - a book of the Warp

   Spells                             Type                      Level
   Recall                             Summoning/Translocation      3
   Control Teleport                   Charms/Translocation         4
   Phase Shift                        Translocation                5
   Warp Weapon                        Charms/Translocation         5
   Dispersal                          Translocation                6
   Controlled Blink                   Translocation                7
   Disjunction                        Translocation                8


   Skills:
 + Level 1.5 Fighting
 + Level 3.3 Dodging
 + Level 0.8 Stealth
 + Level 3.5 Unarmed Combat
 + Level 2.5 Spellcasting
 + Level 2.7 Transmutations


You had 8 spell levels left.
You knew the following spells:

 Your Spells              Type           Power        Failure   Level  Hunger
a - Beastly Appendage     Trmt           #.....       10%         1    #......


Dungeon Overview and Level Annotations

Branches:
Dungeon (5/16)
 Temple: D:4-7

Altars:
Makhleb
Trog


Innate Abilities, Weirdness & Mutations

You are partially covered in iridescent scales (AC +4).
You are slightly more attuned to the shadows.


Message History

Casting: Beastly Appendage
Confirm with . or Enter, or press ? or * to list all spells.
You miscast Beastly Appendage.
You are very lightly contaminated with residual magic.
Multicoloured lights dance before your eyes!
The gnoll barely misses you.
Read which item? (? for menu, Esc to quit)
As you read the scroll labeled JIZAKU TOGA, it crumbles to dust.
Use on which item? (\ to view known items) (? for menu, Esc to quit)
v - an uncursed amulet of the gourmand It was a scroll of identify.
The gnoll hits you but does no damage.
Your magical contamination has completely faded away.
There is a stone staircase leading up here.
The gnoll hits you from afar with a halberd.
The gnoll hits you with a whip!
The gnoll hits you from afar with a spear!
You climb upwards.
The bat closely misses you. The orc hits you with an orcish whip.
The ogre hits you with a giant club!
Ouch! That really hurt!
You die...

..........[..................
.......{.....#.#............
#...........#..............
.....#.......#............
....##.....((........#..
....#..........##..#...
.........b..##.....
......oI.....#...
......O@.......
..#.....g....#. ###........#
#.#.....!.. ...........
##.##...... # ##... #


You could see a sky beast, an ogre, a gnoll, an orc and a bat.

Vanquished Creatures
  2 worker ants
  3 gnolls
  4 adders
  A worm (D:5)
  3 giant geckos
  2 oozes (D:2)
  8 orcs
  12 bats
  6 hobgoblins
  8 jackals
  A quokka (D:2)
  3 giant cockroaches
  3 giant newts
  3 goblins
  A hobgoblin skeleton (D:4)
  8 kobolds
  An orc zombie (D:5)
  5 rats
74 creatures vanquished.

Notes
Turn   | Place    | Note
--------------------------------------------------------------
     0 | D:1      | Piginabag, the Demonspawn Transmuter, began the quest for the Orb.
     0 | D:1      | Reached XP level 1. HP: 15/15 MP: 3/3
   340 | D:1      | Gained mutation: You are partially covered in iridescent scales (AC +4). [demonic ancestry]
   340 | D:1      | Reached XP level 2. HP: 21/21 MP: 4/4
   734 | D:2      | Reached skill level 3 in Unarmed Combat
   765 | D:2      | Found a bloodstained altar of Trog.
  1003 | D:3      | Reached XP level 3. HP: 12/26 MP: 3/6
  1444 | D:3      | Gained mutation: You are slightly more attuned to the shadows. [demonic ancestry]
  1444 | D:3      | Reached XP level 4. HP: 30/32 MP: 6/8
  1729 | D:3      | Found a burning altar of Makhleb.
  1729 | D:3      | Noticed an Executioner
  2486 | D:2      | Reached XP level 5. HP: 35/37 MP: 9/9
  2933 | D:4      | Noticed an ogre
  3368 | D:4      | Noticed a sky beast
  3373 | D:4      | Noticed an ogre
  3385 | D:5      | Entered Level 5 of the Dungeon
  3658 | D:5      | Noticed a sky beast
  3718 | D:4      | Slain by an ogre

Action                   |  1- 3 |  4- 6 || total
-------------------------+-------+-------++-------
Melee: Unarmed           |   151 |   177 ||   328
 Cast: Beastly Appendage |    12 |    19 ||    31
  Use: Scroll            |       |     1 ||     1
 Stab: Sleeping          |     1 |     4 ||     5
